 Dungeon Crawl Stone Soup version 0.29-a0-294-g83ea962da3 (webtiles) character file.

Game seed: 10383580370387275578

102 Dabor the Sneak (level 5, -3/28 HPs)
             Began as a Kobold Enchanter on Mar 18, 2022.
             Killed from afar by a white imp (6 damage)
             ... with a puff of frost
             ... summoned by Natasha
             ... on level 2 of the Dungeon.
             The game lasted 00:03:57 (1977 turns).

Dabor the Sneak (Kobold Enchanter)                  Turns: 1977, Time: 00:03:57

Health: -3/28      AC:  3    Str:  5    XL:     5   Next: 6%
Magic:  9/9        EV: 16    Int: 16    God:
Gold:   138        SH:  0    Dex: 18    Spells: 7/9 levels left

rFire   . . .      SeeInvis .   a - +1 dagger
rCold   . . .      Faith    .   o - orb {guile}
rNeg    . . .      Spirit   .   b - +0 robe
rPois   .          Reflect  .   (no helmet)
rElec   .          Harm     .   k - +0 cloak
rCorr   .          Rampage  .   (no gloves)
Will    .....                   (no boots)
Stlth   ++++......              m - amulet of magic regeneration
HPRegen 0.09/turn               (no ring)
MPRegen 0.51/turn               (no ring)

@: invisible
A: small, no large weapons, nightstalker 3
a: no special abilities


You were on level 2 of the Dungeon.
You visited 1 branch of the dungeon, and saw 2 of its levels.

You collected 138 gold pieces.

Inventory:

Hand Weapons
 a - a +1 dagger (weapon)
Armour
 b - a +0 robe (worn)
 k - a +0 cloak (worn)
 o - an orb of guile (worn)
Jewellery
 h - an amulet of reflection
 m - an amulet of magic regeneration (around neck)
Scrolls
 f - 3 scrolls of identify {unknown}
 g - 3 scrolls of enchant armour {unknown}
 l - a scroll of summoning {unknown}
 n - a scroll of fog {unknown}
Potions
 c - a potion of invisibility
 d - a potion of attraction {unknown}
 e - a potion of might {unknown}
 i - 2 potions of curing {unknown}
 j - 2 potions of brilliance {unknown}
 p - a potion of heal wounds {unknown}
 q - a potion of degeneration {unknown}


   Skills:
 + Level 0.1 Fighting
 * Level 2.8 Short Blades
 * Level 3.3 Dodging
 * Level 4.9 Stealth
 * Level 2.8 Spellcasting
 * Level 3.5 Hexes
 + Level 0.2 Ice Magic


You had 7 spell levels left.
You knew the following spells:

 Your Spells              Type           Power      Damage    Failure   Level
a - Ensorcelled Hibernat  Hex/Ice        16%        N/A       13%         2

Your spell library contained the following spells:

 Spells                   Type           Power      Damage    Failure   Level
 Confusing Touch          Hex            13%        N/A       13%         3
 Tukima's Dance           Hex            13%        N/A       13%         3
 Animate Skeleton         Necr           4%         N/A       19%         1
 Pain                     Necr           8%         1d4       19%         1
 Dazzling Flash           Conj/Hex       14%        N/A       28%         3
 Vampiric Draining        Necr           2%         2d6       50%         3


Dungeon Overview and Level Annotations

Branches:
Dungeon (2/15)

Altars:
The Shining One

Shops:
D:2 [:*

Annotations:
D:2 Natasha


Innate Abilities, Weirdness & Mutations

You are small and have problems with some larger weapons.
You are completely attuned to the shadows.


Message History

The white imp closely misses you.
You hit Natasha.
Natasha is lightly wounded.
Natasha barely misses you.
Aiming: Ensorcelled Hibernation (safe; 13% risk of failure)
Press: ? - help, Q - select action Shift-Dir - straight line, f - you, p - Natasha That would be overly suicidal.
Okay, then.
You barely miss Natasha.
Natasha is lightly wounded.
The white imp barely misses you. Natasha claws you.
You hit Natasha.
Natasha is lightly wounded.
The white imp hits you but does no damage.
You hit Natasha.
Natasha is heavily wounded.
Natasha completely misses you. The white imp gestures at you.
The puff of frost misses you.
Your magical contamination has completely faded away.
You miss Natasha.
Natasha is heavily wounded.
Natasha closely misses you. The white imp hits you. The white imp freezes you.
You closely miss Natasha.
Natasha is heavily wounded.
Natasha claws you. The white imp completely misses you.
You hit Natasha but do no damage.
Natasha is heavily wounded.
Natasha stares at you and mumbles some strange words.
The magic dart hits you! The white imp gestures at you.
The puff of frost hits you.
* * * LOW HITPOINT WARNING * * *
You are too injured to fight recklessly!
You are too injured to fight recklessly!
You fade into invisibility!
Natasha misses you. The white imp gestures at you. The puff of frost hits you.
You die...

........# #.# #...#
........# #.# #...#
...#.##.# #.#######...###
..)#.##.# #.............#
...#..#.# ####..........#
...#..#.# #..........#
.#......# #..........#
.#..∩...######...5......#
.#..........##..@h......#
.###....###.............#
...#...>...............)#
...##.#.####............#
........#...............#
....#.....##............#
.......#..##............#
#.#.......##.#..........#
..#.....####.#..........#


You could see Natasha and a white imp (summoned, can't see you).

Vanquished Creatures
  Crazy Yiuf (D:2)
  Natasha (D:2)
  An adder (D:2)
  2 dart slugs
  4 endoplasms
  4 goblins
  4 hobgoblins
  A jackal (D:2)
  A quokka (D:2)
  7 ball pythons
  4 bats
  5 kobolds
  2 rats (D:1)
37 creatures vanquished.

Notes
Turn   | Place    | Note
-------+----------+-------------------------------------------
     0 | D:1      | Dabor the Kobold Enchanter began the quest for the Orb.
     0 | D:1      | Reached XP level 1. HP: 10/10 MP: 3/3
   457 | D:1      | Reached XP level 2. HP: 15/15 MP: 5/5
   536 | D:1      | Learned a level 2 spell: Ensorcelled Hibernation
   873 | D:1      | Found a faded altar of an unknown god.
  1013 | D:1      | Prayed at the altar of an unknown god.
  1013 | D:1      | Became a worshipper of the Shining One
  1013 | D:1      | Reached * piety under the Shining One
  1014 | D:1      | Fell from the grace of the Shining One
  1053 | D:2      | Found a runed translucent door.
  1056 | D:2      | Noticed Crazy Yiuf
  1061 | D:2      | Killed Crazy Yiuf
  1062 | D:2      | Reached XP level 3. HP: 19/19 MP: 6/6
  1096 | D:2      | Reached XP level 4. HP: 22/24 MP: 7/7
  1205 | D:2      | Found Zilan's Assorted Antiques.
  1251 | D:2      | Found Zixy's Antique Armour Boutique.
  1760 | D:2      | Noticed Natasha
  1766 | D:2      | Killed Natasha
  1767 | D:2      | Reached XP level 5. HP: 24/28 MP: 9/9
  1799 | D:2      | Found Afuaxynk's Book Emporium.
  1854 | D:2      | Identified the +2 falchion "Xufruruf" {freeze, *Rage rN+
                  | Stlth+}
  1859 | D:2      | Noticed Natasha
  1977 | D:2      | Killed from afar by a white imp

Illustrated notes

Levels and vault maps discovered:
D:1:      dpeg_arrival_court, layout_loops_ring,
          hellmonk_ecumenical_altar_heavens_door
D:2:      minmay_spotlight, layout_basic, serial_shops, shop,
          nicolae_shop_hallway_plus, shop_coins, shop_fountains,
          serial_bayou_lagoon_a, kennysheep_small_spiral,
          uniq_crazy_yiuf_cottage, uniq_natasha

Skill      XL: |  1  2 |
---------------+-------+-----
Short Blades   | 2 |  2.8
Dodging        | 3 |  3.3
Fighting       | |  0.1
Stealth        | |  4.9
Spellcasting   | |  2.8
Hexes          | |  3.5
Ice Magic      | |  0.2

Action                   |  1- 3 |  4- 6 || total
-------------------------+-------+-------++-------
Melee: Dagger            |    33 |    64 ||    97
       Punch             |       |     1 ||     1
 Cast: Ensorcelled Hiber |       |     7 ||     7
Invok: Renounce Religion |     1 |       ||     1
  Use: Potion            |       |     1 ||     1
 Stab: Sleeping          |    10 |    11 ||    21
Armor: Robe              |       |     8 ||     8
Dodge: Dodged            |    12 |    38 ||    50
Block: Other             |       |    13 ||    13

Table legend: (Time is in decaauts)
 A = Elapsed time spent in this place.
 B = Non-inter-level travel time spent in this place.
 C = Inter-level travel time spent in this place.
 D = Time resting spent in this place.
 E = Time spent auto-exploring this place.
 F = Levels seen in this place.
 G = Mean time per level.
                   A        B        C        D        E       F      G
               +--------+--------+--------+--------+--------+-----+--------+
         Total |   1985 |   1861 |    124 |      0 |   1529 |   2 |  992.5 |
       Dungeon |   1985 |   1861 |    124 |      0 |   1529 |   2 |  992.5 |
               +--------+--------+--------+--------+--------+-----+--------+

Top non-repeatable levels by time:
     D:1: 1025 daAuts
     D:2: 960 daAuts
